 Dungeon Crawl Stone Soup version 0.29.1-15-g9cfb28693d (webtiles) character file.

Game seed: 11650980509470049758

69528 kingofthe the Spry (level 14, -10/68 HPs)
             Began as a Deep Elf Conjurer on Mar 11, 2023.
             Was a High Priest of Sif Muna.
             Mangled by a vault guard
             ... wielding a +0 great mace
              (15 damage)
             ... on level 13 of the Dungeon on Mar 12, 2023.
             The game lasted 02:07:28 (27529 turns).

kingofthe the Spry (Deep Elf Conjurer)             Turns: 27529, Time: 02:07:28

Health: -10/68     AC: 11    Str:  4    XL:     14   Next: 90%
Magic:  32/42      EV: 16    Int: 27    God:    Sif Muna [*****.]
Gold:   1264       SH:  0    Dex: 15    Spells: 5/39 levels left

rFire   + . .      SeeInvis .   a - staff of conjuration {!a}
rCold   + . .      Faith    .   (no shield)
rNeg    . . .      Spirit   .   Y - +2 acid dragon scales
rPois   +          Reflect  .   T - +0 helmet
rElec   .          Harm     .   S - scarf {rC+ rF+}
rCorr   +          Rampage  .   P - +1 pair of gloves
Will    +....                   (no boots)
Stlth   ++++......              X - amulet of magic regeneration
HPRegen 0.21/turn               e - ring "Got Omi" {Wiz rPois}
MPRegen 0.68/turn               M - ring of magical power

@: studying Staves
A: no striking features
a: Renounce Religion, Channel Magic, Forget Spell, Divine Exegesis


You were on level 13 of the Dungeon.
You worshipped Sif Muna.
Sif Muna was extremely pleased with you.
You visited 6 branches of the dungeon, and saw 23 of its levels.

You collected 1464 gold pieces.
You spent 200 gold pieces at shops.


   Skills:
 * Level 15.7 Dodging
 - Level 9.3 Stealth
 + Level 4.1 Shields
 + Level 13.3 Spellcasting
 * Level 12.9 Conjurations
 - Level 11.0 Hexes
 - Level 5.0 Necromancy
 - Level 5.0 Translocations
 + Level 11.7 Fire Magic
 - Level 7.0 Invocations


You had 5 spell levels left.
You knew the following spells:

 Your Spells              Type           Power      Damage    Failure   Level
a - Magic Dart            Conj           100%       1d8       1%          1
b - Searing Ray           Conj           100%       2d8       1%          2
c - Foxfire               Conj/Fire      100%       2x1d9     1%          1
d - Fulminant Prism       Conj/Hex       44%        3d20      1%          4
e - Conjure Flame         Conj/Fire      91%        6-21      1%          3
f - Flame Wave            Conj/Fire      91%        2d19      1%          4
g - Stone Arrow           Conj/Erth      100%       3d13      1%          3
h - Iskenderun's Mystic   Conj/Tloc      79%        2d16      1%          4
z - Iskenderun's Battles  Conj           93%        2d14      1%          5
F - Fireball              Conj/Fire      45%        3d18      1%          5
Z - Sublimation of Blood  Necr           45%        N/A       1%          2

Your spell library contained the following spells:

 Spells                   Type           Power      Damage    Failure   Level
 Static Discharge         Conj/Air       68%        3-12/arc  1%          2
 Dazzling Flash           Conj/Hex       100%       N/A       1%          3
 Inner Flame              Hex/Fire       68%        N/A       1%          3
 Anguish                  Hex/Necr       28%        N/A       1%          4
 Sticky Flame             Conj/Fire      91%        2d10      1%          4
 Hailstorm                Conj/Ice       68%        3d14      2%          4
 Sandblast                Erth           36%        2d10      3%          1
 Passwall                 Tmut/Erth      15%        N/A       4%          2
 Dispel Undead            Necr           45%        3d17      4%          4
 Irradiate                Conj/Tmut      34%        3d23      6%          5
 Call Canine Familiar     Summ           18%        N/A       9%          3
 Ozocubu's Armour         Ice            18%        N/A       9%          3
 Metabolic Englaciation   Hex/Ice        23%        N/A       9%          5
 Silence                  Hex/Air        23%        N/A       9%          5
 Agony                    Necr           45%        N/A       11%         5
 Corpse Rot               Necr/Pois/Air  27%        N/A       16%         4
 Ice Form                 Ice/Tmut       18%        N/A       28%         4
 Petrify                  Tmut/Erth      18%        N/A       28%         4
 Orb of Destruction       Conj           46%        9d12      12%         7
 Conjure Ball Lightning   Conj/Air       34%        3x3d11    32%         6
 Death Channel            Necr           22%        N/A       47%         6
 Simulacrum               Ice/Necr       15%        N/A       82%         6
 Discord                  Hex            33%        N/A       88%         8
 Statue Form              Tmut/Erth      12%        N/A       98%         6
 Summon Cactus Giant      Summ           9%         N/A       98%         6
 Monstrous Menagerie      Summ           9%         N/A       100%        7
 Ozocubu's Refrigeration  Ice            9%         4d9       100%        7
 Summon Hydra             Summ           9%         N/A       100%        7
 Borgnjor's Revivificati  Necr           22%        N/A       100%        8
 Disjunction              Tloc           22%        N/A       100%        8
 Infestation              Necr           22%        N/A       100%        8
 Death's Door             Necr           22%        N/A       100%        9

Inventory:

Hand Weapons
 q - the +1 spear of Famine {vorpal, rElec rC++}
   (You found it on level 12 of the Dungeon)

   It inflicts extra damage upon your enemies.
   rC:        It greatly protects you from cold.
   rElec:     It insulates you from electricity.
 w - the +4 short sword "Liatueps" {freeze, Stlth+}
   (You found it on level 2 of the Lair of Beasts)

   It freezes those it strikes, dealing additional cold damage.
   It can also slow down cold-blooded creatures.
   Stlth:     It makes you more stealthy.
 B - the +2 dagger of Courage {flame, Str+3}
   (You found it on level 4 of the Lair of Beasts)

   It burns those it strikes, dealing additional fire damage.
   Str:       It affects your strength (+3).
Armour
 o - a +2 leather armour of cold resistance
 J - a +1 kite shield of poison resistance
 P - a +1 pair of gloves (worn)
 S - a scarf of resistance (worn)
 T - a +0 helmet (worn)
 Y - +2 acid dragon scales (worn)
Magical Staves
 a - a staff of conjuration (weapon) {!a}
Jewellery
 e - the ring "Got Omi" (left hand) {Wiz rPois}
   (You found it on level 2 of the Lair of Beasts)

   [ring of wizardry]

   It improves your spell success rate.
   rPois:     It protects you from poison.
 f - a ring of fire
 m - an amulet of reflection
 v - a ring of see invisible
 E - a +4 ring of evasion
 M - a ring of magical power (right hand)
 N - a ring of positive energy
 X - an amulet of magic regeneration (around neck)
Wands
 g - a wand of digging (8)
 h - a wand of mindburst (6)
 n - a wand of paralysis (6)
 G - a wand of quicksilver (23)
 R - a wand of roots (8)
Scrolls
 c - 2 scrolls of fog
 d - 4 scrolls of poison
 i - 4 scrolls of magic mapping
 p - 5 scrolls of identify {@r1}
 y - 4 scrolls of teleportation {@r2}
 F - a scroll of blinking
Potions
 b - 2 potions of resistance
 j - 6 potions of brilliance
 k - 6 potions of flight
 l - 2 potions of cancellation
 r - 3 potions of haste {@q3}
 s - 8 potions of curing {@q1}
 t - a potion of magic
 u - 4 potions of heal wounds {@q2}
 x - 2 potions of invisibility
Miscellaneous
 A - a piece from Xom's chessboard (15/15)

Dungeon Overview and Level Annotations

Branches:
Dungeon (14/15)            Temple (1/1) D:7            Lair (5/5) D:11
 Shoals (1/4) Lair:3        Snake (1/4) Lair:3        Slime (0/5) Lair:4
    Orc (1/2) D:10
 Vaults: D:13-14

Altars:
Cheibriados
Dithmenos
Elyvilon
Fedhas
Gozag
Hepliaklqana
Nemelex Xobeh
Qazlal
Ru
Sif Muna
Trog
Uskayaw
Vehumet
Wu Jian
Xom
Yredelemnul
Zin
The Shining One
Jiyva

Shops:
D:4 *   D:5 (   D:7 ?

Annotations:
Shoals:1 Kirke

.....#.#######'###.....#*******,*
..##.#..##.......#.....#,,,,,,,,,
.....#..##.......#.##..#,,,,,,,,,
.<...'..##.......#.##..#,,,,,,,,,
.....########+####.....##########
....<.............§§....c........
...#...........##§§§..✱.........)
......#........##§§##............
......#.........@p§....#.........
...............§§§§..............
#################################


You could see a vault guard.


Message History

The centaur warrior shoots an arrow.
The arrow hits your fulminant prism!
The centaur warrior shoots an arrow.
The arrow hits your battlesphere!!
Your fulminant prism crackles loudly.
As you read the scroll of fog, it crumbles to dust.
The scroll dissolves into smoke.
You hear an explosion!
Casting: Fulminant Prism (safe; 1% risk of failure)
Confirm with . or Enter, or press ? or * to list all spells.
Aiming: Stone Arrow (safe; 1% risk of failure)
Press: ? - help, Shift-Dir - straight line, f - vault guard
Aim: a vault guard, wielding a +0 great mace and wearing a +0 plate armour (grey smoke, lightly wounded, 78% to hit)
You feel a surge of power!
The stone arrow hits the vault guard!!
The vault guard is heavily wounded.
Your battlesphere fires!
The barrage of energy hits the vault guard!
The vault guard is severely wounded.
The vault guard hits you with a +0 great mace!
* * * LOW HITPOINT WARNING * * *
Casting: Stone Arrow (safe; 1% risk of failure)
Confirm with . or Enter, or press ? or * to list all spells.
Aiming: Stone Arrow (safe; 1% risk of failure)
Press: ? - help, Shift-Dir - straight line, f/p - vault guard
Aim: a vault guard, wielding a +0 great mace and wearing a +0 plate armour (grey smoke, severely wounded, ally target, 78% to hit)
You feel a surge of power!
The stone arrow hits the vault guard.
The vault guard is severely wounded.
Your battlesphere fires!
The barrage of energy hits the vault guard!!
The vault guard is almost dead.
The vault guard hits you with a +0 great mace!
You die...

Skill      XL: |  1  2  3  4  5  6  7  8  9 10 11 12 13 14 |
---------------+-------------------------------------------+-----
Dodging        | 3 4 6 8 9 11 12 14 15 | 15.7
Conjurations   | 5 6 7 8 9 10 11 12 | 12.9
Spellcasting   | 4 5 6 7 8 9 10 11 12 13 | 13.3
Stealth        | 3 4 5 6 7 8 9 |  9.3
Hexes          | 2 4 6 7 8 9 10 11 | 11.0
Fire Magic     | 3 6 7 9 10 11 | 11.7
Invocations    | 4 7 |  7.0
Translocations | 3 5 |  5.0
Necromancy     | 5 |  5.0
Shields        | 2 4 |  4.1

Action                   |  1- 3 |  4- 6 |  7- 9 | 10-12 | 13-15 || total
-------------------------+-------+-------+-------+-------+-------++-------
Melee: Unarmed           |       |   326 |       |       |       ||   326
       Punch             |       |     6 |       |       |       ||     6
 Cast: Magic Dart        |    53 |    13 |    25 |   135 |   278 ||   504
       Foxfire           |    18 |   128 |   159 |    46 |     2 ||   353
       Searing Ray       |     1 |    17 |    20 |    14 |     2 ||    54
       Fulminant Prism   |       |       |    31 |    85 |    30 ||   146
       Conjure Flame     |       |       |       |     3 |       ||     3
       Stone Arrow       |       |       |       |    66 |    99 ||   165
       Iskenderun's Batt |       |       |       |    49 |    81 ||   130
       Flame Wave        |       |       |       |     3 |       ||     3
       Iskenderun's Myst |       |       |       |     4 |     7 ||    11
       Fireball          |       |       |       |       |    39 ||    39
Invok: Channel Magic     |       |       |       |     2 |     2 ||     4
  Use: Scroll            |       |       |     8 |    11 |    16 ||    35
       Potion            |       |       |       |     1 |     4 ||     5
Armor: Robe              |       |     1 |     2 |       |       ||     3
       Steam dragon scal |       |       |       |    12 |     1 ||    13
       Acid dragon scale |       |       |       |       |    13 ||    13
Dodge: Dodged            |       |     3 |    44 |    60 |    66 ||   173
Block: Other             |       |     1 |    12 |       |       ||    13
       Reflection        |       |       |     3 |       |       ||     3

Levels and vault maps discovered:
D:1:      moated_graveyard_arrival, layout_basic,
          dreamdust_ecumenical_altar_angels_and_demons
D:2:      minmay_recursive_quarters, layout_basic, serial_forest,
          infiniplex_forest_end_1, infiniplex_forest_corner_1,
          infiniplex_forest_zigzag_1, infiniplex_forest_end_2,
          infiniplex_forest_join, infiniplex_forest_lined_room_2,
          infiniplex_forest_straight_5, infiniplex_forest_lined_2
D:3:      layout_loops_ring, serial_forest, infiniplex_forest_lined_corner,
          infiniplex_forest_join, infiniplex_forest_zigzag_2,
          infiniplex_forest_lined_3_way, infiniplex_forest_diagonal,
          infiniplex_forest_clump_curved, infiniplex_forest_lined_room_,
          nicolae_wormholes, uniq_ijyb
D:4:      layout_gridville, serial_shops, nicolae_shop_statue_plus
D:5:      layout_basic, serial_shops, nicolae_shop_stone, nicolae_stop_n_shop_2,
          uniq_prince_ribbit1, uniq_edmund, uniq_blork_the_orc
D:6:      layout_loops_corners, kennysheep_cross_bottleneck,
          lemuel_flamethrower_2
D:7:      layout_cave_pods, lemuel_temple_firewalk_b, serial_shops, shop,
          corexii_leaking_fountain, minmay_manual_mail, uniq_menkaure
D:8:      layout_basic, fedhas_altar_4, uniq_pikel
D:9:      layout_rooms, gammafunk_temple_overflow_claw, serial_corexii_hall,
          corexii_hall_statues_i, chequers_hall_statues_corner_a,
          corexii_hall_statues_i, uniq_psyche
D:10:     wander_river, layout_loops_ring, david_orc_5, uniq_erolcha
D:11:     layout_cave_pools, grunt_lair_entry_orc_guard_hut, minivault_19
D:12:     layout_loops_cross
D:13:     layout_stronghold, lightli_vaults_fourway_checkpoint
D:14:     layout_roguey, grunt_dithmenos_shadows, bh_hangedman_babel_library
Temple:   dpeg_three_leaves_temple
Lair:1:   layout_small_grid, nicolae_quartered_pool_little,
          grunt_forest_large_clearings, grunt_megastairs_5, lemuel_fruit_tree
Lair:2:   layout_cave_pods, dreamdust_gnoll_shepherd, grunt_megastairs_3,
          uniq_amaemon, uniq_fannar, uniq_maggie
Lair:3:   layout_regular_city, minmay_shoals_entry_lonely_mermaid,
          minmay_snake_entry_guardpost_small, beast_lair_carwin_4
Lair:4:   layout_cave_pods, slime_entry_1, beast_lair_carwin_9
Lair:5:   guppyfry_lair_end_dragon, layout_cave_pods,
          hangedman_lair_tendril_chambers, minivault_11
Shoals:1: layout_shoals, nicolae_shoals_stone_sculpture_thing, uniq_josephine,
          uniq_kirke
Snake:1:  layout_onion, portal_ice_cave_entry_pillars_three, grunt_megastairs_4
Orc:1:    layout_caves, serial_shops, shop, basic_altar, uniq_erica,
          uniq_nergalle

Notes
Turn   | Place    | Note
-------+----------+-------------------------------------------
     0 | D:1      | kingofthe the Deep Elf Conjurer began the quest for the
                  | Orb.
     0 | D:1      | Reached XP level 1. HP: 10/10 MP: 6/6
   146 | D:1      | Reached XP level 2. HP: 15/15 MP: 2/8
   149 | D:1      | Learned a level 2 spell: Searing Ray
   243 | D:1      | Found a faded altar of an unknown god.
   459 | D:1      | Reached skill level 3 in Dodging
   605 | D:1      | Reached XP level 3. HP: 19/19 MP: 6/10
  1083 | D:2      | Learned a level 1 spell: Foxfire
  1583 | D:2      | Reached skill level 5 in Conjurations
  1664 | D:2      | Reached XP level 4. HP: 24/24 MP: 5/11
  1667 | D:2      | Reached skill level 4 in Spellcasting
  2541 | D:3      | Noticed Ijyb
  2549 | D:3      | Paralysed by Ijyb for 5 turns
  2558 | D:3      | Killed Ijyb
  2559 | D:3      | Reached skill level 3 in Stealth
  3178 | D:3      | Reached skill level 4 in Dodging
  3333 | D:3      | Learned a level 4 spell: Fulminant Prism
  3477 | D:4      | Noticed an ogre
  3482 | D:4      | Killed an ogre
  3483 | D:4      | Reached skill level 2 in Hexes
  3483 | D:4      | Reached XP level 5. HP: 28/28 MP: 8/14
  3682 | D:4      | Found Ziphoni's Assorted Antiques.
  3690 | D:4      | Bought an embroidered scarf for 200 gold pieces
  3690 | D:4      | Identified a scarf of resistance (You bought it in a shop
                  | on level 4 of the Dungeon)
  3744 | D:4      | Reached skill level 5 in Spellcasting
  3744 | D:4      | Reached XP level 6. HP: 32/32 MP: 10/15
  3876 | D:4      | Noticed an orc warrior
  4020 | D:4      | Killed an orc warrior
  4021 | D:4      | Reached skill level 4 in Stealth
  4021 | D:4      | Reached skill level 3 in Hexes
  4361 | D:4      | Reached skill level 4 in Hexes
  4887 | D:4      | Reached skill level 6 in Conjurations
  4887 | D:4      | Reached XP level 7. HP: 36/36 MP: 11/17
  4923 | D:5      | Entered Level 5 of the Dungeon
  4923 | D:5      | Found Adylof Coat's Distillery.
  4929 | D:5      | Reached skill level 5 in Hexes
  5013 | D:5      | Reached skill level 5 in Stealth
  5013 | D:5      | Reached skill level 6 in Spellcasting
  5351 | D:5      | Noticed Prince Ribbit
  5359 | D:5      | Killed Prince Ribbit
  5360 | D:5      | Reached skill level 6 in Hexes
  5360 | D:5      | Reached XP level 8. HP: 41/41 MP: 10/19
  5440 | D:5      | Noticed Blork the orc
  5453 | D:5      | Killed Blork the orc
  5822 | D:5      | Found Quthois's Antique Weapon Shoppe.
  5861 | D:5      | Noticed Edmund
  5870 | D:5      | Killed Edmund
  5871 | D:5      | Reached skill level 1 in Fire Magic
  6573 | D:5      | Reached skill level 2 in Fire Magic
  6811 | D:6      | Reached skill level 5 in Dodging
  6811 | D:6      | Reached skill level 6 in Stealth
  6987 | D:6      | Reached skill level 7 in Spellcasting
  7150 | D:6      | Reached skill level 3 in Fire Magic
  7195 | D:6      | Reached skill level 7 in Conjurations
  7195 | D:6      | Reached skill level 7 in Hexes
  7760 | D:6      | Learned a level 3 spell: Conjure Flame
  8158 | D:7      | Noticed Menkaure
  8162 | D:7      | Killed Menkaure
  8163 | D:7      | Reached skill level 6 in Dodging
  8163 | D:7      | Reached XP level 9. HP: 45/45 MP: 16/21
  8315 | D:7      | Reached skill level 4 in Fire Magic
  8491 | D:7      | Found Oceinuph's Magic Scroll Shop.
  9009 | D:7      | Noticed a kobold demonologist
  9020 | D:7      | Reached skill level 7 in Stealth
  9027 | D:7      | Reached skill level 7 in Dodging
  9027 | D:7      | Reached skill level 5 in Fire Magic
  9045 | D:7      | Noticed an ice devil
  9046 | D:7      | Noticed an orange demon
  9049 | D:7      | Noticed an ice devil
  9049 | D:7      | Killed a kobold demonologist
  9287 | D:7      | Reached skill level 8 in Spellcasting
  9416 | D:7      | Found a staircase to the Ecumenical Temple.
  9555 | Temple   | Entered the Ecumenical Temple
  9561 | Temple   | Became a worshipper of Sif Muna the Loreminder
  9710 | D:8      | Reached skill level 8 in Hexes
  9718 | D:8      | Noticed Pikel
 10527 | D:8      | Killed Pikel
 10528 | D:8      | Reached skill level 8 in Dodging
 10528 | D:8      | Reached skill level 6 in Fire Magic
 10528 | D:8      | Reached XP level 10. HP: 50/50 MP: 24/24
 10985 | D:8      | HP: 5/50 [orc warrior/+0 trident (14)]
 11433 | D:8      | Found a blossoming altar of Fedhas.
 11496 | D:9      | Reached skill level 8 in Conjurations
 11566 | D:9      | Noticed Psyche
 11589 | D:9      | Killed Psyche
 11709 | D:9      | HP: 4/50 [spore (32)]
 11710 | D:9      | Reached skill level 8 in Stealth
 12085 | D:9      | Reached * piety under Sif Muna
 12086 | D:9      | Reached skill level 7 in Fire Magic
 12161 | D:9      | Reached skill level 9 in Dodging
 12170 | D:9      | Reached skill level 9 in Spellcasting
 12170 | D:9      | Reached skill level 9 in Hexes
 12558 | D:9      | Noticed a two-headed ogre
 12585 | D:9      | Killed a two-headed ogre
 12688 | D:9      | Found a bloodstained altar of Trog.
 12688 | D:9      | Found a shimmering altar of Xom.
 12689 | D:9      | Found a sacrificial altar of Ru.
 12713 | D:10     | Entered Level 10 of the Dungeon
 12815 | D:10     | Learned a level 4 spell: Flame Wave
 12819 | D:10     | Learned a level 3 spell: Stone Arrow
 12833 | D:10     | Reached XP level 11. HP: 54/54 MP: 26/26
 12850 | D:10     | Reached skill level 8 in Fire Magic
 13348 | D:10     | Noticed Erolcha
 13351 | D:10     | Killed Erolcha
 13352 | D:10     | Reached skill level 10 in Dodging
 13352 | D:10     | Reached skill level 9 in Stealth
 13501 | D:10     | Noticed an orc knight
 13663 | D:10     | Learned a level 5 spell: Iskenderun's Battlesphere
 13822 | D:10     | Reached ** piety under Sif Muna
 14138 | D:10     | Killed an orc knight
 14139 | D:10     | Reached skill level 9 in Conjurations
 14139 | D:10     | Reached skill level 1 in Invocations
 14235 | D:10     | Found a staircase to the Orcish Mines.
 14346 | D:11     | Reached skill level 2 in Invocations
 14587 | D:11     | Noticed a two-headed ogre
 14592 | D:11     | Killed a two-headed ogre
 14722 | D:11     | Reached skill level 10 in Hexes
 14722 | D:11     | Reached skill level 3 in Invocations
 14725 | D:11     | Reached skill level 10 in Spellcasting
 14790 | D:11     | Reached skill level 11 in Dodging
 14821 | D:11     | Reached skill level 9 in Fire Magic
 14988 | D:10     | Reached skill level 4 in Invocations
 15327 | D:11     | You fall into a shaft and drop 3 floors!
 15334 | D:14     | Noticed a four-headed hydra
 15339 | D:14     | Noticed a deep elf pyromancer
 15340 | D:14     | Killed a four-headed hydra
 15341 | D:14     | Reached XP level 12. HP: 55/59 MP: 16/28
 15573 | D:11     | Found a staircase to the Lair.
 15761 | Orc:1    | Entered Level 1 of the Orcish Mines
 15963 | Lair:1   | Entered Level 1 of the Lair of Beasts
 15978 | Lair:1   | Reached *** piety under Sif Muna
 15986 | Lair:1   | Reached skill level 5 in Invocations
 16353 | D:12     | Noticed a two-headed ogre
 16364 | D:12     | Killed a two-headed ogre
 16470 | D:12     | Reached skill level 12 in Dodging
 16551 | D:12     | Identified the +1 ring mail of Lightning Storm {+Inv Str+2
                  | Stlth+}
 16835 | D:12     | Reached skill level 6 in Invocations
 16926 | D:12     | Learned a level 4 spell: Iskenderun's Mystic Blast
 17153 | D:12     | Identified the +1 spear of Famine {vorpal, rElec rC++}
 18073 | D:12     | Reached skill level 10 in Conjurations
 18073 | D:12     | Reached skill level 1 in Translocations
 18282 | D:13     | Reached skill level 11 in Hexes
 18349 | D:13     | Noticed a centaur warrior
 18363 | D:13     | Killed a centaur warrior
 18364 | D:13     | Reached skill level 11 in Spellcasting
 18364 | D:13     | Reached skill level 2 in Translocations
 18540 | D:13     | Noticed a vault guard
 18540 | D:13     | Noticed a vault guard
 18541 | D:13     | Noticed a boulder beetle
 18926 | Lair:1   | Reached skill level 3 in Translocations
 19261 | Lair:1   | Reached skill level 7 in Invocations
 19262 | Lair:1   | Reached XP level 13. HP: 55/63 MP: 21/30
 19411 | Lair:1   | Reached skill level 10 in Fire Magic
 19886 | Lair:1   | Reached **** piety under Sif Muna
 19887 | Lair:1   | Reached skill level 4 in Translocations
 20048 | D:11     | Learned a level 5 spell: Fireball
 20169 | Lair:1   | HP: 6/63 [yak (14)]
 20351 | Lair:2   | Noticed Amaemon
 20362 | Lair:2   | Killed Amaemon
 20363 | Lair:2   | Reached skill level 13 in Dodging
 20462 | Lair:2   | Identified the +4 short sword "Liatueps" {freeze, Stlth+}
 20530 | Lair:2   | Noticed Fannar
 20541 | Lair:2   | Killed Fannar
 20805 | Lair:2   | Noticed Maggie
 20810 | Lair:2   | Killed Maggie
 20813 | Lair:2   | Reached skill level 5 in Translocations
 20981 | Lair:2   | Got Sif Muna's Atlas of Gloom
 20985 | Lair:2   | Learned a level 2 spell: Sublimation of Blood
 20999 | Lair:2   | Identified the ring "Got Omi" {Wiz rPois}
 21354 | Lair:3   | Reached skill level 1 in Necromancy
 21457 | D:11     | Identified 2 potions of resistance
 21462 | D:11     | Identified a scroll of acquirement
 21462 | D:11     | Acquired a staff of conjuration
 21793 | Lair:3   | Reached skill level 2 in Necromancy
 21833 | Lair:3   | Found a staircase to the Snake Pit.
 22343 | Lair:3   | Reached skill level 1 in Shields
 22446 | Lair:3   | Reached skill level 3 in Necromancy
 22511 | Lair:3   | Reached skill level 12 in Spellcasting
 22598 | Lair:3   | Reached ***** piety under Sif Muna
 22631 | Lair:3   | Found a staircase to the Shoals.
 22923 | Lair:4   | Found a viscous altar of Jiyva.
 22923 | Lair:4   | Found a staircase to the Slime Pits.
 22953 | Lair:4   | Identified the +2 dagger of Courage {flame, Str+3}
 23246 | Lair:4   | Reached skill level 4 in Necromancy
 23261 | Lair:4   | Reached skill level 14 in Dodging
 23325 | Lair:4   | Reached skill level 11 in Conjurations
 23929 | Lair:5   | Entered Level 5 of the Lair of Beasts
 24230 | Lair:5   | Reached skill level 2 in Shields
 24386 | Lair:5   | Received a gift from Sif Muna
 24387 | Lair:5   | Reached skill level 5 in Necromancy
 24390 | Lair:5   | Reached XP level 14. HP: 60/68 MP: 31/32
 24391 | Lair:5   | Got Jeente's Folio of Invitation {god gift}
 24633 | Lair:5   | Reached skill level 11 in Fire Magic
 24846 | Lair:5   | Reached skill level 3 in Shields
 24914 | Lair:5   | Reached skill level 12 in Conjurations
 24949 | Lair:5   | Reached skill level 15 in Dodging
 25248 | Lair:5   | Reached skill level 13 in Spellcasting
 25801 | Lair:5   | Received a gift from Sif Muna
 25803 | Lair:5   | Got Sif Muna's Incunabulum of the Mausoleum {god gift}
 26321 | Lair:5   | Reached skill level 4 in Shields
 26742 | Snake:1  | Entered Level 1 of the Snake Pit
 26748 | Snake:1  | HP: 3/68 [naga sharpshooter/arrow (21)]
 27056 | Shoals:1 | Entered Level 1 of the Shoals
 27056 | Shoals:1 | Noticed Kirke
 27528 | D:13     | HP: 4/68 [vault guard/+0 great mace (11)]
 27529 | D:13     | Mangled by a vault guard

Vanquished Creatures
  Fannar (Lair:2)
  A fire dragon (Lair:5)
  A vault guard (D:12)
  2 catoblepae
  7 hydras
  A centaur warrior (D:13)
  Erolcha (D:10)
  A boulder beetle (D:12)
  A tengu warrior (D:13)
  3 two-headed ogres
  9 death yaks (Lair:5)
  Amaemon (Lair:2)
  A swamp dragon (Lair:5)
  A lindwurm (Lair:5)
  Pikel (D:8)
  An ugly thing (D:12)
  2 deep elf pyromancers
  An orc knight (D:10)
  A deep elf zephyrmancer (D:14)
  2 wolf spiders (Lair:5)
  2 manticores
  5 cyclopes
  A merfolk siren (Lair:3)
  11 elephants
  A guardian serpent (Lair:5)
  9 black mambas
  16 cane toads
  Psyche (D:9)
  A gargoyle (D:12)
  An orange demon (Lair:2)
  Maggie (Lair:2)
  A kobold demonologist (D:7)
  6 komodo dragons
  4 rime drakes
  2 trolls
  4 hornets
  Prince Ribbit (D:5)
  30 blink frogs
  6 slime creatures (D:12)
  2 vampires
  2 wraiths
  19 wyverns
  34 yaks
  6 basilisks
  4 steam dragons
  3 redbacks (Lair:5)
  Menkaure (D:7)
  Edmund (D:5)
  4 acid dragons
  4 nagas (Lair:3)
  16 water moccasins
  2 swamp drakes (Lair:5)
  2 ice beasts
  6 black bears
  15 orc warriors
  2 ogres
  33 wolves
  7 centaurs
  A phantom (D:7)
  4 lemures (D:8)
  3 kobold brigands
  Blork the orc (D:5)
  17 bullfrogs
  2 necrophages
  4 scorpions
  6 wights
  8 killer bees
  A jelly (D:6)
  7 orc priests
  A hound (D:5)
  A gnoll bouda (Lair:2)
  Ijyb (D:3)
  6 iguanas
  5 orc wizards
  4 hell rats (Lair:3)
  3 gnolls (D:4)
  12 adders
  3 white imps
  3 ufetubi
  7 worms
  5 dart slugs
  46 orcs
  4 endoplasms
  4 giant cockroaches
  5 goblins
  8 hobgoblins
  17 kobolds
  2 quokkas (D:1)
  5 ball pythons
  5 bats
  3 frilled lizards (D:1)
  6 rats
  A bush (D:2)
  2 foxfires (D:8)
518 creatures vanquished.

Vanquished Creatures (collateral kills)
  4 foxfires
4 creatures vanquished.

Vanquished Creatures (others)
  A howler monkey (D:13)
  An iguana (Lair:5)
  601 foxfires
  146 fulminant prisms
  46 fungi
  119 plants
914 creatures vanquished.

Grand Total: 1436 creatures vanquished

Table legend: (Time is in decaauts)
 A = Elapsed time spent in this place.
 B = Non-inter-level travel time spent in this place.
 C = Inter-level travel time spent in this place.
 D = Time resting spent in this place.
 E = Time spent auto-exploring this place.
 F = Levels seen in this place.
 G = Mean time per level.
                   A        B        C        D        E       F      G
               +--------+--------+--------+--------+--------+-----+--------+
         Total |  27602 |  25803 |   1799 |   4419 |  17214 |  23 | 1200.1 |
       Dungeon |  19259 |  18215 |   1044 |   3283 |  12070 |  14 | 1375.6 |
        Temple |     12 |      7 |      5 |      0 |      0 |   1 |   12.0 |
          Lair |   8303 |   7553 |    750 |   1136 |   5144 |   5 | 1660.6 |
        Shoals |      1 |      1 |      0 |      0 |      0 |   1 |    1.0 |
     Snake Pit |      6 |      6 |      0 |      0 |      0 |   1 |    6.0 |
  Orcish Mines |     19 |     19 |      0 |      0 |      0 |   1 |   19.0 |
               +--------+--------+--------+--------+--------+-----+--------+

Top non-repeatable levels by time:
  Lair:5: 2257 daAuts
     D:7: 2195 daAuts
    D:10: 1948 daAuts
    D:12: 1895 daAuts
  Lair:3: 1829 daAuts
  Lair:1: 1797 daAuts
    D:11: 1779 daAuts
     D:5: 1732 daAuts
     D:2: 1603 daAuts
     D:9: 1560 daAuts
     D:6: 1328 daAuts
     D:8: 1300 daAuts
  Lair:4: 1296 daAuts
     D:4: 1287 daAuts
  Lair:2: 1121 daAuts

Table legend:
 A = Non-vault XP
 B = Vault XP
 C = Vault XP percentage of total XP
 D = Non-vault monster count
 E = Vault monster count
 F = Vault count percentage of total count
                 A         B        C        D         E       F
            +---------+---------+-------+---------+---------+-------
      Total |   64818 |   34509 |  34.7 |     346 |     165 |  32.3
            +---------+---------+-------+---------+---------+-------
        D:1 |      52 |       0 |   0.0 |      28 |       0 |   0.0
        D:2 |      20 |      41 |  67.2 |       5 |       9 |  64.3
        D:3 |      23 |      58 |  71.6 |      10 |       5 |  33.3
        D:4 |     663 |       5 |   0.7 |      22 |       1 |   4.3
        D:5 |     544 |     526 |  49.2 |      15 |       3 |  16.7
        D:6 |     749 |       0 |   0.0 |      15 |       0 |   0.0
        D:7 |    1304 |     818 |  38.5 |      28 |       5 |  15.2
        D:8 |    1082 |     617 |  36.3 |      14 |       1 |   6.7
        D:9 |    4401 |     409 |   8.5 |      27 |       1 |   3.6
       D:10 |    2869 |    2274 |  44.2 |      21 |      24 |  53.3
       D:11 |    5264 |     781 |  12.9 |      17 |       6 |  26.1
       D:12 |    5129 |    1706 |  25.0 |      17 |       2 |  10.5
       D:13 |    1871 |     828 |  30.7 |       3 |       1 |  25.0
       D:14 |     853 |    1149 |  57.4 |       1 |       2 |  66.7
     Lair:1 |    5737 |    4145 |  41.9 |      19 |      29 |  60.4
     Lair:2 |    1902 |    3216 |  62.8 |       9 |       7 |  43.8
     Lair:3 |    5504 |    1741 |  24.0 |      25 |      10 |  28.6
     Lair:4 |    4110 |    2214 |  35.0 |      14 |       7 |  33.3
     Lair:5 |   22219 |   13981 |  38.6 |      48 |      52 |  52.0
      Orc:1 |     522 |       0 |   0.0 |       8 |       0 |   0.0
            +---------+---------+-------+---------+---------+-------
